 Dungeon Crawl Stone Soup version 0.23.2-33-g5129a83184 (webtiles) character file.

Game seed: 16756621303024882817

24172 MalarOregon the Impaler (level 13, -9/108 HPs)
             Began as a Merfolk Fighter on Aug 6, 2019.
             Was a High Priest of Ru.
             Mangled by a polar bear (16 damage)
             ... in an ice cave.
             The game lasted 00:33:36 (15281 turns).

MalarOregon the Impaler (Merfolk Fighter)          Turns: 15281, Time: 00:33:36

Health: -9/108     AC: 22    Str: 28    XL:     13   Next: 11%
Magic:  13/13      EV:  7    Int:  8    God:    Ru [*****.]
Gold:   1910       SH: 13    Dex: 11    Spells: 12/12 levels left

rFire    + . .     SeeInvis .   a - +2 trident (protect)
rCold    . . .     Gourm    .   c - +0 shield
rNeg     . . .     Faith    .   f - +0 chain mail of the Thistle {Str+5 Dex-3}
rPois    .         Spirit   .   H - +2 helmet
rElec    .         Reflect  .   (no cloak)
rCorr    .         Harm     .   J - +2 pair of gloves
MR       .....                  E - +0 pair of boots
Stlth    ..........             p - amulet of regeneration
HPRegen  0.28/turn              i - ring of protection from fire
MPRegen  0.13/turn              b - +3 ring of strength

@: protection aura, berserk cooldown, very slightly contaminated, slowed,
studying Throwing, invisible, very slow
A: change form in water, swift swim, stealthy swim, no stealth, inability to
train dodging, no earth magic, no translocations magic, no transmutations magic,
unskilled 1
a: Draw Out Power, Power Leap, Apocalypse, Renounce Religion


You were in an ice cave.
You worshipped Ru.
Ru was extremely pleased with you.
You were hungry.

You visited 2 branches of the dungeon, and saw 13 of its levels.
You also visited: Bailey and Ice Cave.

You collected 1910 gold pieces.

Inventory:

Hand Weapons
 a - a +2 trident of protection (weapon)
   (You took it off a centaur on level 6 of the Dungeon)
 o - a +1 spear of venom
   (You found it on level 5 of the Dungeon)
 y - a +6 trident of distortion {!w}
   (You took it off a gnoll sergeant on level 6 of the Dungeon)
 A - the +1 long sword of Temperance {slice, +Fly MR+ Int+2 Dex+4}
   (You found it on level 10 of the Dungeon)

   It inflicts extra damage upon your enemies.
   It affects your intelligence (+2).
   It affects your dexterity (+4).
   It affects your resistance to hostile enchantments.
   It lets you fly.
 M - the cursed +1 mace of Kaidetz {venom, rF+, unknown}
   (You found it on level 11 of the Dungeon)

   It poisons the flesh of those it strikes.
   It protects you from fire.
   It has a curse placed upon it.
Missiles
 k - 7 curare-tipped needles {!f}
Armour
 c - a +0 shield (worn)
 f - the +0 chain mail of the Thistle (worn) {Str+5 Dex-3}
   (You took it off a goblin in a bailey)

   It affects your strength (+5).
   It affects your dexterity (-3).
 E - a +0 pair of boots (worn)
   (You found it on level 7 of the Dungeon)
 H - a +2 helmet (worn)
   (You found it on level 6 of the Dungeon)
 J - a +2 pair of gloves (worn)
   (You found it on level 10 of the Dungeon)
Jewellery
 b - a +3 ring of strength (right hand)
   (You found it on level 9 of the Dungeon)
 i - a ring of protection from fire (left hand)
   (You found it on level 1 of the Dungeon)
 p - an amulet of regeneration (around neck)
   (You found it on level 12 of the Dungeon)
Wands
 d - a wand of iceblast (22)
   (You found it on level 5 of the Dungeon)
 t - a wand of flame (36)
   (You took it off Blork the orc on level 6 of the Dungeon)
 u - a wand of paralysis (4)
   (You found it on level 9 of the Dungeon)
 v - a wand of digging (2)
   (You found it on level 11 of the Dungeon)
 x - a wand of acid (3)
   (You found it on level 9 of the Dungeon)
Scrolls
 g - 3 scrolls of identify {@r1}
 h - 4 scrolls of remove curse {@r2}
 s - 3 scrolls of teleportation {@r4}
 B - a scroll of acquirement
 I - 2 scrolls of fear
 K - a scroll of summoning
 L - 2 scrolls of amnesia
 O - a scroll of blinking
 P - 6 scrolls of enchant weapon
Potions
 j - 6 potions of lignification {!q}
 m - a potion of brilliance
 n - a potion of resistance
 q - a potion of haste {@q3}
 r - 3 potions of mutation {!q}
 w - 5 potions of curing {@q1}
 z - a potion of invisibility
 F - a potion of cancellation
 G - 2 potions of might
 Q - a potion of agility {unknown}
 R - a potion of flight {unknown}
Books
 C - a manual of Throwing {!d}
   (You found it on level 8 of the Dungeon)
Miscellaneous
 N - a lightning rod (4/4) {!a}
   (You found it on level 11 of the Dungeon)
Comestibles
 e - 32 rations {!d}


   Skills:
 + Level 12.2 Fighting
 - Level 15.0 Polearms
 + Level 9.1 Throwing
 - Level 2.0 Armour
 + Level 11.2 Shields


You had 12 spell levels left.
You didn't know any spells.
Your spell library contained the following spells:

 Spells                   Type           Power        Failure   Level  Hunger
 Animate Skeleton         Necr           N/A          99%         1    ##.....
 Confusing Touch          Hex            #.....       99%         1    ##.....
 Pain                     Necr           #...         99%         1    ##.....
 Summon Small Mammal      Summ           #...         99%         1    ##.....
 Regeneration             Chrm/Necr      #.........   100%        3    ####...
 Vampiric Draining        Necr           #.........   100%        3    ####...
 Animate Dead             Necr           N/A          100%        4    #####..
 Apportation              Tloc           Unusable     N/A         1    N/A
 Beastly Appendage        Tmut           Unusable     N/A         1    N/A
 Sticks to Snakes         Tmut           Unusable     N/A         2    N/A
 Spider Form              Tmut/Pois      Unusable     N/A         3    N/A
 Ice Form                 Ice/Tmut       Unusable     N/A         4    N/A
 Leda's Liquefaction      Hex/Erth       Unusable     N/A         4    N/A
 Blade Hands              Tmut           Unusable     N/A         5    N/A
 Bolt of Magma            Conj/Fire/Erth Unusable     N/A         5    N/A
 Iron Shot                Conj/Erth      Unusable     N/A         6    N/A
 Statue Form              Tmut/Erth      Unusable     N/A         6    N/A
 Shatter                  Erth           Unusable     N/A         9    N/A

Dungeon Overview and Level Annotations

Branches:
Dungeon (12/15)            Temple (1/1) D:6            Lair (0/6) D:11
    Orc (0/2) D:9

Altars:
Ashenzari
Cheibriados
Dithmenos
Elyvilon
Fedhas
Gozag
Hepliaklqana
Kikubaaqudgha
Makhleb
Nemelex Xobeh
Okawaru
Qazlal
Ru
Sif Muna
Trog
Uskayaw
Vehumet
Wu Jian
Xom
Yredelemnul
Zin
The Shining One

Shops:
D:5 *

Annotations:
D:7 2 transporters


Innate Abilities, Weirdness & Mutations

You revert to your normal form in water You are very nimble and swift while swimming.
You are very stealthy in the water. (Stealth+)
You cannot be stealthy.
You cannot train Dodging skill.
You cannot study or cast Earth magic.
You cannot study or cast Translocations magic.
You cannot study or cast Transmutations magic.
You are somewhat unskilled. (-1 Apt)


Message History

You hit the polar bear.
The polar bear begins to attack, but is stunned by your will!
You hit the polar bear.
The polar bear goes berserk!
You puncture the polar bear! The polar bear barely misses you.
The polar bear claws you but does no damage.
The polar bear closely misses you.
The polar bear begins to attack, but is stunned by your will!
The polar bear barely misses you. You block the polar bear's attack.
The polar bear claws you.
* * * LOW HITPOINT WARNING * * *
You strike the helpless polar bear from behind!
You hit the polar bear but do no damage.
The polar bear is stunned by your will and fails to attack.
You puncture the polar bear! You block the polar bear's attack. x2
The polar bear claws you but does no damage.
The polar bear bites you.
* * * LOW HITPOINT WARNING * * *
The polar bear closely misses you.
The polar bear claws you but does no damage.
The polar bear rages.
You block the polar bear's attack.
The polar bear claws you but does no damage.
The polar bear misses you. You block the polar bear's attack.
The polar bear claws you but does no damage.
The polar bear claws you.
* * * LOW HITPOINT WARNING * * *
Your shield and chain mail of the Thistle prevent you from hitting the polar bear.
The polar bear barely misses you.
The polar bear claws you but does no damage.
You block the polar bear's attack.
The polar bear bites you but does no damage.
The polar bear barely misses you.
The polar bear claws you but does no damage.
You hit the polar bear but do no damage.
The polar bear bites you.
* * * LOW HITPOINT WARNING * * *
The polar bear claws you but does no damage.
The polar bear completely misses you. You block the polar bear's attack.
The polar bear claws you but does no damage.
You block the polar bear's attack.
You hit the polar bear but do no damage.
You block the polar bear's attack. The polar bear barely misses you.
The polar bear claws you but does no damage.
The polar bear barely misses you. The polar bear claws you.
* * * LOW HITPOINT WARNING * * *
The polar bear closely misses you. x2; You block the polar bear's attack.
The polar bear claws you.
* * * LOW HITPOINT WARNING * * *
You hit the polar bear. The polar bear bites you!
You die...

#### ### ##..##
##..##....##
#..†.......#
#...†...∩.h.#
#....##.....h@#
##.. ###....##
## ##..## ####


You could see 2 polar bears.

Vanquished Creatures
  Snorg (D:12)
  Erolcha (D:9)
  A death knight (D:12)
  3 two-headed ogres (D:11)
  An orc high priest (Bailey)
  2 orc knights (Bailey)
  4 ugly things
  A cyclops (D:11)
  2 manticores (D:11)
  A gargoyle (D:12)
  A kobold demonologist (Bailey)
  2 ice devils (D:12)
  3 polar bears (IceCv)
  2 hornets
  Prince Ribbit (D:6)
  A harpy skeleton (D:12)
  Grinder (D:5)
  A hippogriff (D:11)
  A shadow (D:11)
  Sigmund (D:6)
  A wyvern (D:11)
  A wraith (D:10)
  7 yaks
  3 hungry ghosts
  The ghost of EtherCrawl the Skirmisher, an amateur HuFi (D:3)
  Edmund (D:6)
  2 soldier ants (D:8)
  An acid dragon (D:12)
  2 wargs (D:11)
  15 orc warriors
  8 sky beasts
  A hornet zombie (D:7)
  2 phantoms
  3 ice beasts
  7 ogres
  5 black bears
  An eye of draining (D:9)
  3 necrophages
  7 centaurs
  3 wolves (IceCv)
  8 bullfrogs
  2 big kobolds
  2 gnoll sergeants
  Blork the orc (D:6)
  3 scorpions
  4 troll zombies (D:9)
  16 wights
  5 electric eels (Bailey)
  6 howler monkeys
  5 bullfrog zombies
  3 quasits (D:10)
  3 centaur zombies
  3 crimson imps
  5 hounds
  5 jellies
  3 bullfrog skeletons
  5 orc priests
  2 centaur skeletons
  12 orc wizards
  7 iguanas
  13 worker ants
  3 ogre zombies (D:9)
  A mummy (D:10)
  3 worker ant zombies
  16 gnolls
  12 adders
  A shadow imp (D:7)
  3 oozes
  2 adder zombies
  An adder skeleton (D:5)
  2 worms
  A dart slug (D:5)
  10 leopard geckos
  54 orcs
  4 ball pythons
  10 bats
  9 giant cockroaches
  2 gnoll zombies (D:3)
  17 goblins
  22 hobgoblins
  8 jackals
  19 kobolds
  3 quokkas
  3 frilled lizards (D:3)
  2 goblin skeletons (D:9)
  4 goblin zombies (D:9)
  2 hobgoblin zombies (D:9)
  2 jackal skeletons
  3 orc skeletons (D:9)
  12 orc zombies (D:9)
  A quokka skeleton (D:5)
  2 quokka zombies
  11 rats
  A bush (D:6)
464 creatures vanquished.

Vanquished Creatures (others)
  A two-headed ogre (D:10)
  A troll zombie (D:9)
  A hound zombie (D:6)
  A goblin skeleton (D:9)
  An orc zombie (D:9)
5 creatures vanquished.

Grand Total: 469 creatures vanquished

Notes
Turn   | Place    | Note
-------+----------+-------------------------------------------
     0 | D:1      | MalarOregon the Merfolk Fighter began the quest for the
                  | Orb.
     0 | D:1      | Reached XP level 1. HP: 18/18 MP: 1/1
   154 | D:1      | Reached XP level 2. HP: 24/24 MP: 2/2
   505 | D:1      | Reached XP level 3. HP: 29/30 MP: 3/3
   909 | D:2      | Reached skill level 4 in Polearms
  1047 | D:2      | Reached XP level 4. HP: 33/37 MP: 4/4
  1225 | D:2      | Found a sacrificial altar of Ru.
  1235 | D:2      | Reached XP level 5. HP: 43/43 MP: 5/5
  1258 | D:2      | Became a worshipper of Ru the Awakened
  1278 | D:2      | Found a bloodstained altar of Trog.
  1612 | D:3      | Noticed EtherCrawl's ghost (amateur HuFi)
  1616 | D:3      | Found a runed translucent door.
  1678 | D:3      | Reached skill level 5 in Polearms
  1759 | D:3      | Found an ancient bone altar of Kikubaaqudgha.
  1968 | D:3      | Found a basalt altar of Yredelemnul.
  2690 | D:3      | Reached XP level 6. HP: 50/50 MP: 6/6
  3500 | D:3      | Killed EtherCrawl's ghost
  3500 | D:3      | Reached skill level 5 in Fighting
  3500 | D:3      | Reached skill level 6 in Polearms
  3858 | D:4      | Reached skill level 5 in Shields
  3863 | D:4      | Reached XP level 7. HP: 23/56 MP: 7/7
  4108 | D:3      | HP: 2/57 [poisoned by a worker ant]
  4788 | D:4      | Reached skill level 7 in Polearms
  4812 | D:4      | Reached XP level 8. HP: 44/65 MP: 8/8
  4819 | D:4      | Reached skill level 8 in Polearms
  4970 | D:4      | Found a blossoming altar of Fedhas.
  5187 | D:5      | Entered Level 5 of the Dungeon
  5187 | D:5      | Noticed Grinder
  5717 | D:4      | Found a burning altar of Makhleb.
  5759 | D:5      | Killed Grinder
  5759 | D:5      | Reached skill level 9 in Polearms
  5772 | D:5      | Found a shadowy altar of Dithmenos.
  5824 | D:5      | Found a hide-covered altar of Uskayaw.
  5988 | D:5      | Reached XP level 9. HP: 62/73 MP: 9/9
  6077 | D:5      | Found Igueg's Lightly-Used Armoury.
  6119 | D:5      | Found an iron altar of Okawaru.
  6435 | D:6      | Reached skill level 10 in Polearms
  6477 | D:6      | Found a staircase to the Ecumenical Temple.
  6504 | Temple   | Entered the Ecumenical Temple
  6881 | D:6      | Noticed Blork the orc
  6885 | D:6      | Killed Blork the orc
  6974 | D:6      | Noticed Edmund
  6988 | D:6      | Killed Edmund
  7183 | D:6      | Noticed Prince Ribbit
  7193 | D:6      | Noticed Sigmund
  7212 | D:6      | Killed Prince Ribbit
  7217 | D:6      | Killed Sigmund
  7432 | D:6      | Reached skill level 11 in Polearms
  7559 | D:6      | Got a blackened ring mail
  7622 | D:6      | Identified the +0 ring mail "Lodd" {rN+} (You found it on
                  | level 6 of the Dungeon)
  8395 | D:7      | Found a transporter.
  8395 | D:7      | Noticed a kobold demonologist
  8396 | D:7      | Noticed a kobold demonologist
  8417 | D:7      | Noticed a deep elf knight
  8435 | D:7      | Found a sacrificial altar of Ru.
  8454 | D:7      | Found a transporter.
  8562 | D:7      | Reached XP level 10. HP: 83/83 MP: 10/10
  9032 | D:7      | Found a shimmering altar of Xom.
  9131 | D:8      | Identified a scroll of acquirement
  9188 | D:8      | Gained mutation: You cannot be stealthy. [Ru sacrifice]
  9273 | D:8      | Reached skill level 12 in Polearms
  9390 | D:8      | Found a flagged portal.
  9407 | Bailey   | Entered a bailey
  9889 | Bailey   | Noticed an orc knight
  9920 | Bailey   | Killed an orc knight
  9920 | Bailey   | Reached skill level 10 in Fighting
  9948 | Bailey   | Noticed a kobold demonologist
  9948 | Bailey   | Noticed an orc high priest
  9949 | Bailey   | Found an iron altar of Okawaru.
  9967 | Bailey   | Noticed a smoke demon
  9987 | Bailey   | Noticed a soul eater
 10200 | Bailey   | Noticed a rust devil
 10200 | Bailey   | Noticed an orange demon
 10208 | Bailey   | Killed an orc high priest
 10454 | Bailey   | Reached skill level 13 in Polearms
 10511 | Bailey   | Identified the +0 chain mail of the Thistle {Str+5 Dex-3}
 10537 | Bailey   | Killed a kobold demonologist
 10600 | Bailey   | Noticed an orc knight
 10623 | Bailey   | Reached XP level 11. HP: 63/92 MP: 11/11
 10641 | Bailey   | Killed an orc knight
 10641 | Bailey   | Reached skill level 10 in Shields
 11479 | D:8      | Reached skill level 1 in Throwing
 11642 | D:8      | Gained mutation: You cannot train Dodging skill. [Ru
                  | sacrifice]
 11642 | D:8      | Reached * piety under Ru
 11642 | D:8      | Reached ** piety under Ru
 12140 | D:9      | Found a staircase to the Orcish Mines.
 12299 | D:9      | Reached skill level 14 in Polearms
 12497 | D:9      | Noticed Erolcha
 12510 | D:9      | Killed Erolcha
 12545 | D:9      | Noticed a white ugly thing
 12563 | D:9      | Killed a white ugly thing
 12673 | D:9      | Found a glowing golden altar of the Shining One.
 12769 | D:9      | Found a deep blue altar of Sif Muna.
 12841 | D:9      | Found a white marble altar of Elyvilon.
 12913 | D:10     | Entered Level 10 of the Dungeon
 12986 | D:10     | Noticed a two-headed ogre
 12997 | D:10     | Killed a two-headed ogre
 12997 | D:10     | Reached skill level 5 in Throwing
 13113 | D:10     | Got an ancient long sword
 13206 | D:10     | Reached XP level 12. HP: 81/102 MP: 12/12
 13213 | D:10     | Identified the +1 long sword of Temperance {slice, +Fly MR+
                  | Int+2 Dex+4} (You found it on level 10 of the Dungeon)
 13239 | D:10     | Gained mutation: You are somewhat unskilled. (-1 Apt) [Ru
                  | sacrifice]
 13239 | D:10     | Reduced skill Polearms to level 13
 13239 | D:10     | Reduced skill Shields to level 10
 13239 | D:10     | Reached *** piety under Ru
 13739 | D:11     | Got a fine mace
 13773 | D:11     | Noticed a two-headed ogre
 13963 | D:11     | Reached skill level 14 in Polearms
 14033 | D:11     | Killed a two-headed ogre
 14067 | D:11     | Noticed a two-headed ogre
 14085 | D:11     | Killed a two-headed ogre
 14141 | D:11     | Noticed a two-headed ogre
 14147 | D:11     | Killed a two-headed ogre
 14228 | D:11     | Found a staircase to the Lair.
 14863 | D:12     | Noticed Snorg
 14907 | D:12     | Killed Snorg
 14980 | D:12     | Gained mutation: You cannot study or cast Earth magic. [Ru
                  | sacrifice]
 14980 | D:12     | Gained mutation: You cannot study or cast Transmutations
                  | magic. [Ru sacrifice]
 14980 | D:12     | Gained mutation: You cannot study or cast Translocations
                  | magic. [Ru sacrifice]
 14980 | D:12     | Reached **** piety under Ru
 14980 | D:12     | Reached ***** piety under Ru
 14981 | D:12     | Noticed a death knight
 14992 | D:12     | Killed a death knight
 15056 | D:12     | Reached XP level 13. HP: 45/108 MP: 13/13
 15184 | D:12     | Found a frozen archway.
 15212 | IceCv    | Entered an ice cave
 15243 | IceCv    | Reached skill level 15 in Polearms
 15281 | IceCv    | Mangled by a polar bear

Skill      XL: |  1  2  3  4  5  6  7  8  9 10 11 12 13 |
---------------+----------------------------------------+-----
Polearms       | 4 5 6 7 9 11 13 14 14 15 | 15.0
Fighting       | 4 5 6 7 9 10 11 12 | 12.2
Shields        | 4 5 7 8 9 11 11 | 11.2
Throwing       | 5 8 9 |  9.1
Armour         | |  2.0

Action                   |  1- 3 |  4- 6 |  7- 9 | 10-12 | 13-15 || total
-------------------------+-------+-------+-------+-------+-------++-------
Melee: Trident           |   101 |   284 |   386 |   871 |    78 ||  1720
       Spear             |       |       |   178 |   511 |       ||   689
       Tailslap          |       |       |       |    11 |       ||    11
Invok: Reject Sacrifices |       |     1 |       |       |       ||     1
       Sacrifice Stealth |       |       |       |     1 |       ||     1
       Sacrifice Nimblen |       |       |       |     1 |       ||     1
       Sacrifice Arcana  |       |       |       |     1 |       ||     1
       Sacrifice Skill   |       |       |       |     1 |       ||     1
       Power Leap        |       |       |       |       |     1 ||     1
Evoke: Wand              |       |       |       |     2 |       ||     2
       Lightning rod     |       |       |       |     2 |       ||     2
  Use: Scroll            |       |       |     9 |    14 |     1 ||    24
       Potion            |       |       |     3 |     4 |     2 ||     9
 Stab: Paralysed         |       |     1 |       |     1 |       ||     2
       Invisible         |       |       |       |     5 |     1 ||     6
  Eat: Chunk             |     1 |     6 |    15 |    26 |       ||    48
       Ration            |       |     1 |       |       |       ||     1
Armor: Scale mail        |    54 |    75 |    95 |       |       ||   224
       Plate armour      |       |       |     4 |   197 |       ||   201
       Chain mail        |       |       |       |   135 |    39 ||   174
Dodge: Dodged            |    28 |    60 |    68 |   108 |    24 ||   288
Block: Shield            |    42 |   100 |   191 |   411 |    44 ||   788
